 Dungeon Crawl Stone Soup version 0.31-a0-1499-ge0622b2318 (webtiles) character file.

Game seed: 5491833225211607361

128 IdlyInterested the Changeling (level 4, 0/33 HPs)
             Began as a Demonspawn Shapeshifter on Dec 28, 2023.
             Slain by an orc wizard
             ... wielding a +0 dagger
              (2 damage)
             ... on level 3 of the Dungeon on Dec 29, 2023.
             The game lasted 00:06:06 (2122 turns).

IdlyInterested the Changeling (DsSh)                Turns: 2122, Time: 00:06:07

Health: 0/33       AC:  6    Str: 14    XL:     4   Next: 86%
Magic:  4/4        EV: 10    Int: 10    God:
Gold:   150        SH:  0    Dex: 15    Spells: 3/3 levels left

rFire   . .          .
                       - Unarmed
rCold   . . .        (no shield)
rNeg    + . .        f - +0 scale mail
rPois   .            (helmet currently unavailable)
rElec   .            (cloak currently unavailable)
rCorr   .            (gloves currently unavailable)
SInv    .            (boots currently unavailable)
Will    .....        (no amulet) Stlth
                     v - ring of positive energy
HPRegen 0.25/turn    (no ring)
MPRegen 0.09/turn

%: no passive effects
@: confused, beast-form
A: beast (slay +2), horns 2
a: Begin Untransformation


You were on level 3 of the Dungeon.
You were a hulking beast.
You visited 1 branch of the dungeon, and saw 3 of its levels.

You collected 150 gold pieces.

Inventory:

Hand Weapons
 e - a +0 dagger
 g - a +0 dagger of electrocution
 l - a +0 hand axe
 n - a +0 falchion
 u - a +0 glaive
Missiles
 h - 20 stones (quivered)
 i - 4 curare-tipped darts
Armour
 f - a +0 scale mail (worn)
 k - a +0 pair of boots
Magical Staves
 s - a staff of cold
Jewellery
 v - a ring of positive energy (left hand)
Talismans
 c - a beast talisman
 d - a flux talisman
Scrolls
 a - a scroll of vulnerability {unknown}
 j - a scroll of enchant weapon
 p - a scroll of poison
 r - a scroll of teleportation
Potions
 b - a potion of lignification
 m - 2 potions of curing
 o - a potion of degeneration {unknown}
 q - a potion of attraction {unknown}
 t - a potion of enlightenment {unknown}


   Skills:
 * Level 2.2 Fighting
 - Level 3.0 Dodging
 - Level 3.0 Unarmed Combat
 + Level 3.6 Shapeshifting


You had 3 spell levels left.
You didn't know any spells.
Your spell library contained the following spells:

 Spells                   Type           Power      Damage    Failure   Level
 Apportation              Tloc           0%         N/A       86%         1
 Necrotise                Necr           0%         1d4       86%         1
 Sting                    Conj/Alch      0%         1d3       86%         1
 Summon Small Mammal      Summ           0%         N/A       86%         1


Dungeon Overview and Level Annotations

Branches:
Dungeon (3/15)

Altars:
Cheibriados
Uskayaw

Shops:
D:3 =


Innate Abilities, Weirdness & Mutations

You are a hulking beast.
Your limbs bulge with bestial killing power. (Slay +2)
You have a pair of horns on your head.


Message History

A kobold comes into view. It is wielding a +0 club.
The orc closely misses you.
The orc wizard hits you with a +0 dagger.
There is an open door here.
You hit the orc. Your headbutt misses the orc.
The orc is lightly wounded.
The orc wizard casts a spell at you.
You are confused.
The orc priest mumbles some strange prayers to Beogh against you.
Beogh smites you!
You barely miss the orc.
A bat comes into view.
The orc wizard barely misses you.
You hit the orc wizard but do no damage.
You headbutt the orc wizard.
The orc wizard is moderately wounded.
The orc wizard barely misses you.
The orc priest calls down the wrath of Beogh upon you.
Beogh smites you! The bat hits you but does no damage.
You bump into the rock wall.
The bat hits you but does no damage. The bat barely misses you.
The orc wizard completely misses you. The orc barely misses you.
The orc priest hits you with a +0 mace.
* * * LOW HITPOINT WARNING * * *
Unknown command.
You barely miss the orc priest. The bat barely misses you.
The bat closely misses you. The orc wizard casts a spell at you.
The magic dart hits you.
* * * LOW HITPOINT WARNING * * *
The orc priest hits you but does no damage.
The orc hits you with a +0 hand axe.
* * * LOW HITPOINT WARNING * * *
You closely miss the orc priest. The bat hits you but does no damage.
The orc wizard closely misses you. The orc hits you but does no damage.
The orc priest hits you but does no damage.
You closely miss the orc wizard. You headbutt the orc wizard.
The orc wizard is severely wounded.
The bat barely misses you.
The orc wizard hits you with a +0 dagger.
You die...

###....#.# .........###
#####'##...#
###⌠.†.#...# ##
.##....#...# . ##
..#._..#...######b ..#
..#....#...##....# .. .
..#....#..#.#.##.##.#...
..#._..#......##hooK....
.##....#........ooS.....
## ⌠.⌠.#.....####o......
#####'##..#.## #......
.........##.# #.....
........# #.# #...#
###..### #.# #'## # ##
#.# .# # .


You could see an orc priest, an orc wizard, an adder, 3 orcs, a bat and a
kobold.

Vanquished Creatures
  5 adders
  3 ribbon worms (D:2)
  An orc (D:3)
  6 ball pythons
  4 endoplasms
  5 goblins
  3 hobgoblins
  7 jackals
  3 quokkas
  8 bats
  3 frilled lizards
  6 kobolds
  3 rats
57 creatures vanquished.

Notes
Turn   | Place    | Note
-------+----------+-------------------------------------------
     0 | D:1      | IdlyInterested the Demonspawn Shapeshifter began the quest
                  | for the Orb.
     0 | D:1      | Reached XP level 1. HP: 15/15 MP: 1/1
   198 | D:1      | Gained mutation: You have a pair of small horns on your
                  | head. [demonic ancestry]
   198 | D:1      | Reached XP level 2. HP: 8/21 MP: 2/2
   690 | D:1      | Upgraded the game from 0.31-a0-1469-gd420192249 to
                  | 0.31-a0-1499-ge0622b2318
   815 | D:2      | Reached XP level 3. HP: 22/26 MP: 3/3
  1172 | D:2      | Gained mutation: You have a pair of horns on your head.
                  | [demonic ancestry]
  1172 | D:2      | Reached XP level 4. HP: 32/32 MP: 4/4
  1680 | D:3      | Found Weudon's Jewellery Boutique.
  2048 | D:3      | Found a hide-covered altar of Uskayaw.
  2050 | D:3      | Found a snail-covered altar of Cheibriados.
  2122 | D:3      | Slain by an orc wizard

Illustrated notes

Levels and vault maps discovered:
D:1:      lightli_arrival_statue_moat, layout_loops_ring, minmay_curled_crystal
D:2:      layout_loops_ring, hangedman_abyss_or_decor_stabs, minivault_24,
          minmay_bisected
D:3:      layout_loops_corners, elyvilon_altar_3, jmf_multi_god_temple,
          serial_shops, nicolae_shop_tiny_statue_garden, minivault_5,
          st_stairs_7

Skill      XL: |  1  2  3  4 |
---------------+-------------+-----
Unarmed Combat | 3 |  3.0
Dodging        | 2 3 |  3.0
Shapeshifting  | 3 |  3.6
Fighting       | 2 |  2.2

Action                     |  1- 3 |  4- 6 || total
---------------------------+-------+-------++-------
  Melee: Dagger            |    21 |       ||    21
         Unarmed           |   108 |    71 ||   179
         Headbutt          |    10 |    12 ||    22
         Punch             |       |     1 ||     1
    Use: Scroll            |       |     3 ||     3
         Potion            |       |     1 ||     1
 Armour: Scale mail        |    94 |    43 ||   137
         Animal skin       |     1 |       ||     1
  Dodge: Dodged            |    77 |    54 ||   131

Table legend: (Time is in decaauts)
 A = Elapsed time spent in this place.
 B = Non-inter-level travel time spent in this place.
 C = Inter-level travel time spent in this place.
 D = Time resting spent in this place.
 E = Time spent auto-exploring this place.
 F = Levels seen in this place.
 G = Mean time per level.
                   A        B        C        D        E       F      G
               +--------+--------+--------+--------+--------+-----+--------+
         Total |   2109 |   2030 |     79 |    134 |   1414 |   3 |  703.0 |
       Dungeon |   2109 |   2030 |     79 |    134 |   1414 |   3 |  703.0 |
               +--------+--------+--------+--------+--------+-----+--------+

Top non-repeatable levels by time:
     D:2: 931 daAuts
     D:1: 734 daAuts
     D:3: 444 daAuts
